 Seeded DCSS version 0.30.0 (webtiles) character file.

Game seed: 7229806256980976716 (custom seed)

122 bananamous the Trooper (level 4, 1/1 HPs)
             Began as a Draconian Berserker on July 11, 2023.
             Got out of the dungeon alive.
             The game lasted 00:11:20 (24990 turns).

bananamous the Trooper (Draconian Berserker)       Turns: 24990, Time: 00:11:21

Health: 1/1        AC:  5    Str: 21    XL:     4   Next: 78%
Magic:  4/4        EV: 12    Int:  2    God:
Gold:   91         SH:  5    Dex: 11    Spells: 3/3 levels left

rFire   + + +        n - +1 morningstar (holy)
rCold   . . .        (no shield)
rNeg    . . .        (body armour unavailable)
rPois   .            (helmet restricted)
rElec   .            (no cloak)
rCorr   .            (no gloves)
SInv    +            (no boots)
Will    .....        g - amulet of Imeapleu {Reflect rF+++ Int-5 SH+5 SInv}
Stlth   +            (no ring)
HPRegen 0.20/turn    (no ring)
MPRegen 0.09/turn

%: reflection
@: studying 2 skills, bezotted
A: AC +5, unfitting armour, cold-blooded
a: no special abilities


You escaped.
You visited 1 branch of the dungeon, and saw 2 of its levels.

You collected 91 gold pieces.

Inventory:

Hand Weapons
 a - a +0 hand axe
 n - a +1 morningstar of holy wrath (weapon)
Missiles
 f - a throwing net (quivered)
Jewellery
 g - the amulet of Imeapleu (around neck) {Reflect rF+++ Int-5 SH+5 SInv}
   (You acquired it on level 1 of the Dungeon)

   [amulet of reflection]

   It reflects blocked missile attacks.
   Int:       It affects your intelligence (-5).
   rF:        It renders you almost immune to fire.
   SInv:      It lets you see invisible.
   SH:        It affects your SH (+5).
Scrolls
 b - 3 scrolls of amnesia {unknown}
 c - a scroll of blinking {unknown}
 e - 3 scrolls of identify {unknown}
 h - a scroll of teleportation {unknown}
 i - a scroll of enchant armour {unknown}
Potions
 d - a potion of mutation {unknown}
 j - a potion of might {unknown}
 k - 2 potions of brilliance {unknown}
 l - a potion of invisibility {unknown}
 m - 2 potions of curing {unknown}


   Skills:
 + Level 4.6 Fighting
 - Level 4.6 Axes
 * Level 0.1(2.8) Maces & Flails
 + Level 3.6 Dodging


You had 3 spell levels left.
You didn't know any spells.
Your spell library was empty.

Dungeon Overview and Level Annotations

Branches:
Dungeon (2/15) Zot: 994

Altars:


Innate Abilities, Weirdness & Mutations

Your plain brown scales are hard. (AC +5)
You cannot fit into any form of body armour.
You are cold-blooded and may be slowed by cold attacks.


Message History

Really rest while Zot is near?
You start waiting.
Zot draws nearer.
Dive deeper or flee this branch before you suffer!
Really rest while Zot is near?
You start waiting.
Really rest while Zot is near?
You start waiting.
Really rest while Zot is near?
You start waiting.
Really rest while Zot is near?
You start waiting.
Really rest while Zot is near?
You start waiting.
Really rest while Zot is near?
You start waiting.
Really rest while Zot is near?
You start waiting.
Really rest while Zot is near?
You start waiting.
Really rest while Zot is near?
You start waiting.
Really rest while Zot is near?
You start waiting.
Really rest while Zot is near?
You start waiting.
Zot has nearly found you.
Suffering is imminent.
Descend or flee this branch!
Really rest while Zot is near?
You start waiting.
Really rest while Zot is near? [Y]es or [N]o only, please.
Really rest while Zot is near?
You start waiting.
Really rest while Zot is near?
You start waiting.
Zot's power touches on you...
You have lingered too long.
Zot senses you.
Dive deeper or flee this branch before you suffer!
There is an open door here.
There is a staircase leading out of the dungeon here.
Are you sure you want to leave the Dungeon?
This will make you lose the game!
You have escaped!

#..# #..# #.# #####.# #.## ###.#
..# #.# ######.#####...# #.# #.#
#..............# #.# #.#
#..##+#'#'##...# #.#
#.########.#.#.###..# #.#
#......##⌠.P.P.⌠##.##
#.###..######.......###.##
#......### ##...@...####.##
#.##.....# ###########..#.#
#.##.###.####♣..>..♣###..##
#....# #...##.......###.##
..##.###.####♣.⌠_⌠.♣##..#########
####.....# #####⌠#####...........
.......### ############.########
######## #.# ######### #.#


There were no monsters in sight!

Vanquished Creatures
  A jelly (D:2)
  4 adders (D:2)
  2 worms (D:2)
  4 bats
  2 endoplasms (D:2)
  2 giant cockroaches (D:1)
  2 goblins
  5 hobgoblins
  12 jackals
  3 quokkas
  6 ball pythons
  A frilled lizard (D:1)
  3 rats
47 creatures vanquished.

Notes
Turn   | Place    | Note
-------+----------+-------------------------------------------
     0 | D:1      | bananamous the Draconian Berserker began the quest for the
                  | Orb.
     0 | D:1      | Reached XP level 1. HP: 19/19 MP: 1/1
   309 | D:1      | Reached XP level 2. HP: 26/26 MP: 2/2
   744 | D:1      | Identified 3 scrolls of acquirement
   744 | D:1      | Acquired the amulet of Imeapleu {Reflect rF+++ Int-5 SH+5
                  | SInv}
   745 | D:1      | Acquired a manual of Dodging
   746 | D:1      | Acquired a manual of Fighting
   838 | D:2      | Reached XP level 3. HP: 33/33 MP: 3/3
   917 | D:2      | Reached ** piety under Trog
  1033 | D:2      | Reached XP level 4. HP: 35/40 MP: 4/4
  1504 | D:2      | Fell from the grace of Trog
 10983 | D:1      | Glimpsed the power of Zot.
 11483 | D:1      | Glimpsed the power of Zot.
 11883 | D:1      | Glimpsed the power of Zot.
 11983 | D:1      | Touched by the power of Zot.
 11984 | D:1      | Glimpsed the power of Zot.
 12484 | D:1      | Glimpsed the power of Zot.
 12884 | D:1      | Glimpsed the power of Zot.
 12983 | D:1      | Touched by the power of Zot.
 12984 | D:1      | Glimpsed the power of Zot.
 13484 | D:1      | Glimpsed the power of Zot.
 13884 | D:1      | Glimpsed the power of Zot.
 13983 | D:1      | Touched by the power of Zot.
 13984 | D:1      | Glimpsed the power of Zot.
 14484 | D:1      | Glimpsed the power of Zot.
 14884 | D:1      | Glimpsed the power of Zot.
 14983 | D:1      | Touched by the power of Zot.
 14984 | D:1      | Glimpsed the power of Zot.
 15484 | D:1      | Glimpsed the power of Zot.
 15884 | D:1      | Glimpsed the power of Zot.
 15983 | D:1      | Touched by the power of Zot.
 15984 | D:1      | Glimpsed the power of Zot.
 16484 | D:1      | Glimpsed the power of Zot.
 16884 | D:1      | Glimpsed the power of Zot.
 16983 | D:1      | Touched by the power of Zot.
 16984 | D:1      | Glimpsed the power of Zot.
 17484 | D:1      | Glimpsed the power of Zot.
 17884 | D:1      | Glimpsed the power of Zot.
 17983 | D:1      | Touched by the power of Zot.
 17984 | D:1      | Glimpsed the power of Zot.
 18484 | D:1      | Glimpsed the power of Zot.
 18884 | D:1      | Glimpsed the power of Zot.
 18983 | D:1      | Touched by the power of Zot.
 18984 | D:1      | Glimpsed the power of Zot.
 19484 | D:1      | Glimpsed the power of Zot.
 19884 | D:1      | Glimpsed the power of Zot.
 19983 | D:1      | Touched by the power of Zot.
 19984 | D:1      | Glimpsed the power of Zot.
 20484 | D:1      | Glimpsed the power of Zot.
 20884 | D:1      | Glimpsed the power of Zot.
 20983 | D:1      | Touched by the power of Zot.
 20984 | D:1      | Glimpsed the power of Zot.
 21484 | D:1      | Glimpsed the power of Zot.
 21884 | D:1      | Glimpsed the power of Zot.
 21983 | D:1      | Touched by the power of Zot.
 21984 | D:1      | Glimpsed the power of Zot.
 22484 | D:1      | Glimpsed the power of Zot.
 22884 | D:1      | Glimpsed the power of Zot.
 22983 | D:1      | Touched by the power of Zot.
 22984 | D:1      | Glimpsed the power of Zot.
 23484 | D:1      | Glimpsed the power of Zot.
 23884 | D:1      | Glimpsed the power of Zot.
 23983 | D:1      | Touched by the power of Zot.
 23984 | D:1      | Glimpsed the power of Zot.
 24484 | D:1      | Glimpsed the power of Zot.
 24884 | D:1      | Glimpsed the power of Zot.
 24983 | D:1      | Touched by the power of Zot.
 24984 | D:1      | Glimpsed the power of Zot.
 24990 | D:$      | Got out of the dungeon alive.

Illustrated notes

Levels and vault maps discovered:
D:1:      spicycebolla_arrival_ecumenical, layout_loops_ring
D:2:      layout_basic

Skill      XL: |  1  2  3 |
---------------+----------+-----
Fighting       | 4 |  4.6
Axes           | 4 |  4.6
Dodging        | 3 |  3.6
Maces & Flails | |  0.1

Action                     |  1- 3 |  4- 6 || total
---------------------------+-------+-------++-------
  Melee: Hand axe          |    93 |    23 ||   116
         Tailslap          |     4 |     3 ||     7
         Punch             |     1 |       ||     1
         Morningstar       |       |    10 ||    10
 Invoke: Renounce Religion |       |     1 ||     1
    Use: Scroll            |     3 |       ||     3
   Stab: Sleeping          |     1 |       ||     1
 Armour: Skin              |    37 |    17 ||    54
  Dodge: Dodged            |    71 |    23 ||    94
